 Dungeon Crawl Stone Soup version 0.16.2-12-gd0ad4c3 (webtiles) character file.

8360 HiobMontag the Thaumaturge (level 11, -2/80 HPs)
             Began as a Grey Draconian Venom Mage on Aug 28, 2015.
             Was a Priest of Vehumet.
             Slain by a skeletal warrior
             ... wielding a +0 battleaxe
              (29 damage)
             ... on level 11 of the Dungeon on Sept 13, 2015.
             The game lasted 02:56:48 (18766 turns).

HiobMontag the Thaumaturge (DrVM)                  Turns: 18766, Time: 02:56:48

Health: -2/80      AC: 16    Str: 10    XL:     11   Next: 8%
Magic:  7/28       EV: 15    Int: 18    God:    Vehumet [***...]
Gold:   540        SH:  0    Dex: 13    Spells: 8 memorised, 3 levels left

rFire  x . .     SeeInvis .     m - +2 war axe (elec)
rCold  + . .     Clarity  .     (armour unavailable)
rNeg   . . .     SustAb   .     (no shield)
rPois  .         Gourm    .     (helmet restricted)
rElec  .         Spirit   .     s - +0 cloak
rCorr  .         Warding  .     Q - +0 pair of gloves
rMut   .         Stasis   .     S - +1 pair of boots
MR     +....                    (no amulet)
Stlth  ++........               C - ring of ice
                                j - ring of protection from magic

@: somewhat resistant to hostile enchantments, unstealthy
A: walk through water, unfitting armour, unbreathing, cold-blooded, AC +12
a: Renounce Religion


You were on level 11 of the Dungeon.
You worshipped Vehumet.
Vehumet was most pleased with you.
You were not hungry.

You visited 2 branches of the dungeon, and saw 12 of its levels.

You collected 540 gold pieces.

Inventory:

Hand weapons
 k - a +0 short sword
 m - a +2 war axe of electrocution (weapon)
 u - a +2 hand axe of chopping
 M - a +1 falchion of slicing
 R - a +2 long sword of holy wrath
 V - a +2 trident of protection
 Z - a +1 dagger of freezing
Missiles
 B - 5 tomahawks (quivered)
Armour
 s - a +0 cloak (worn)
 Q - a +0 pair of gloves (worn)
 S - a +1 pair of boots (worn)
Magical staves
 P - an uncursed staff of death
Jewellery
 j - a ring of protection from magic (left hand)
 n - an uncursed amulet of warding {unknown}
 x - an uncursed amulet of resist corrosion {unknown}
 C - a ring of ice (right hand)
 W - an uncursed ring of wizardry {unknown}
Magical devices
 f - a wand of enslavement (5)
 l - a wand of enslavement (8)
 p - a wand of polymorph (11)
 v - a wand of digging (8)
 y - a wand of confusion (3)
 O - a wand of slowing (13)
 U - a wand of enslavement (5)
 Y - a wand of frost (18)
Scrolls
 g - 6 scrolls of remove curse
 h - a scroll of fear
 w - a scroll of magic mapping
 E - a scroll of recharging
 N - 2 scrolls of fog
 X - a scroll of enchant weapon
Potions
 a - a potion of resistance
 t - 2 potions of agility
 z - a potion of heal wounds
 A - a potion of poison {unknown}
 D - a potion of haste
 F - 3 potions of lignification
 G - a potion of restore abilities
 K - 5 potions of curing
 L - a potion of brilliance
Books
 b - a Young Poisoner's Handbook

   Spells                             Type                      Level
   a - Sting                          Conjuration/Poison           1
   b - Cure Poison                    Poison                       2
   c - Mephitic Cloud                 Conjuration/Poison/Air       3
   d - Olgreb's Toxic Radiance        Poison                       4
   e - Venom Bolt                     Conjuration/Poison           5
 d - a book of Beasts

   Spells                             Type                      Level
   a - Summon Butterflies             Summoning                    1
   b - Call Canine Familiar           Summoning                    3
   c - Summon Ice Beast               Ice/Summoning                4
   d - Summon Mana Viper              Hexes/Summoning              5
   e - Monstrous Menagerie            Summoning                    6
   f - Summon Hydra                   Summoning                    7
 e - a book of Maledictions

   Spells                             Type                      Level
   a - Corona                         Hexes                        1
   b - Sure Blade                     Hexes/Charms                 2
   c - Ensorcelled Hibernation        Hexes/Ice                    2
   d - Confuse                        Hexes                        3
   e - Dazzling Spray                 Conjuration/Hexes            3
   f - Enslavement                    Hexes                        4
 r - a book of Battle

   Spells                             Type                      Level
   a - Infusion                       Charms                       1
   b - Shroud of Golubria             Charms/Translocation         2
   c - Song of Slaying                Charms                       2
   d - Spectral Weapon                Hexes/Charms                 3
   e - Regeneration                   Charms/Necromancy            3
 H - a book of Clouds

   Spells                             Type                      Level
   a - Mephitic Cloud                 Conjuration/Poison/Air       3
   b - Conjure Flame                  Conjuration/Fire             3
   c - Poisonous Cloud                Conjuration/Poison/Air       6
   d - Freezing Cloud                 Conjuration/Ice/Air          6
   e - Ring of Flames                 Charms/Fire                  7
Comestibles
 c - 9 bread rations
 i - a royal jelly
 o - 2 meat rations
 q - 2 fruits
 I - 3 beef jerkies
 J - 8 slices of pizza
 T - 8 chunks of flesh


   Skills:
 + Level 2.5 Fighting
 + Level 0.4 Short Blades
 + Level 2.5 Axes
 + Level 0.3 Throwing
 + Level 6.0 Dodging
 + Level 3.7 Stealth
 + Level 9.0 Spellcasting
 + Level 7.2 Conjurations
 * Level 5.2 Hexes
 + Level 1.7 Air Magic
 + Level 7.9 Poison Magic


You had 3 spell levels left.
You knew the following spells:

 Your Spells              Type           Power        Failure   Level  Hunger
a - Sting                 Conj/Pois      ####         1%          1    None
b - Cure Poison           Pois           #####.....   1%          2    None
c - Mephitic Cloud        Conj/Pois/Air  ####....     1%          3    None
d - Dazzling Spray        Conj/Hex       ####....     1%          3    None
e - Olgreb's Toxic Radia  Pois           #####...     1%          4    ###....
f - Confuse               Hex            ####....     2%          3    None
g - Venom Bolt            Conj/Pois      #####.....   4%          5    #####..
h - Airstrike             Air            ##........   12%         4    ###....


Dungeon Overview and Level Annotations

Branches:
Dungeon (11/15)            Temple (1/1) D:6             Orc (0/4) D:10
   Lair: D:8-11

Altars:
Ashenzari
Cheibriados
Dithmenos
Elyvilon
Fedhas
Gozag
Kikubaaqudgha
Makhleb
Nemelex Xobeh
Okawaru
Qazlal
Ru
Sif Muna
Trog
Vehumet
Xom
Yredelemnul
Zin
The Shining One
Beogh


Innate Abilities, Weirdness & Mutations

You can walk through water.
Your dull iron-grey scales are very hard (AC +12).
Your body does not fit into most forms of armour.
You can survive without breathing.
Your cold-blooded metabolism reacts poorly to cold.


Message History

Drink which item? (? for menu, Esc to quit)
Okay, then.
Casting: Dazzling Spray
Confirm with . or Enter, or press ? or * to list all spells.
Aiming: Dazzling Spray
Press: ? - help, Shift-Dir - straight line, f/p - skeletal warrior
Aim: a skeletal warrior, wielding an enchanted short sword (heavily damaged)
The spray of energy hits the skeletal warrior.
The skeletal warrior is heavily damaged.
The skeletal warrior hits you with a battleaxe.
The skeletal warrior closely misses you.
Casting: Dazzling Spray
Confirm with . or Enter, or press ? or * to list all spells.
Aiming: Dazzling Spray
Press: ? - help, Shift-Dir - straight line, f/p - skeletal warrior
Aim: a skeletal warrior, wielding an enchanted short sword (heavily damaged)
The spray of energy hits the skeletal warrior.
The skeletal warrior is heavily damaged.
The skeletal warrior hits you with a battleaxe!!
You die...

#### #... ##########
#############...
#...[....###.......##..'...
+........'.#.......#..##...
#........#z#.......#.###...
#........#@z.......'.# #...
#........###.......### #...
#######z## ##'###### #...
##.z.# #...# #... ##..###
###.#### #### #.z## #....#
#z## ####.# # #'# ######.##
#### ... #.......# #..'


You could see 2 skeletal warriors.

Vanquished Creatures
  An orc knight (D:10)
  The ghost of Zrachosh the Zephyrmancer, an experienced TeAE of Sif Muna (D:7)
  Maurice (D:9)
  Grinder (D:5)
  A troll (D:8)
  An air elemental (D:10)
  The ghost of Jouve the Conjurer, an average DECj (D:5)
  A human (D:7)
  A water elemental (D:10)
  8 yaks
  A fire elemental (D:10)
  Edmund (D:3)
  A soldier ant (D:10)
  A black bear (D:6)
  2 orc warriors
  6 ogres
  3 ice beasts
  A phantom (D:5)
  3 sky beasts
  4 centaurs
  Sigmund (D:3)
  An earth elemental (D:10)
  7 giant frogs
  3 scorpions
  3 killer bees (D:10)
  4 wights
  A quasit (D:7)
  A goliath beetle (D:9)
  9 orc priests
  4 crimson imps
  4 jellies
  8 hounds
  2 giant frog zombies
  A giant frog skeleton (D:8)
  5 iguanas
  13 orc wizards
  A killer bee zombie (D:6)
  3 sheep (D:7)
  11 worker ants
  Ijyb (D:5)
  2 hound zombies
  A hound skeleton (D:2)
  A mummy (D:11)
  5 gnolls
  13 adders
  2 worker ant zombies
  2 giant mites
  5 worms
  An adder zombie (D:2)
  2 adder skeletons
  2 oozes
  64 orcs
  5 bat skeletons
  2 bat zombies
  3 giant cockroaches
  17 hobgoblins
  22 jackals
  4 quokkas
  3 ball pythons
  14 bats
  5 giant geckos
  9 giant newts
  2 giant spores (D:8)
  11 goblins
  19 kobolds
  A quokka skeleton (D:7)
  24 rats
  3 ballistomycetes (D:8)
367 creatures vanquished.

Vanquished Creatures (others)
  A giant spore (D:7)
  2 ballistomycetes (D:7)
3 creatures vanquished.

Grand Total: 370 creatures vanquished

Notes
Turn   | Place    | Note
--------------------------------------------------------------
     0 | D:1      | HiobMontag, the Draconian Venom Mage, began the quest for the Orb.
     0 | D:1      | Reached XP level 1. HP: 14/14 MP: 3/3
   244 | D:1      | Reached XP level 2. HP: 20/20 MP: 2/4
   762 | D:1      | Learned a level 2 spell: Cure Poison
   892 | D:1      | Reached XP level 3. HP: 19/26 MP: 0/6
  1873 | D:1      | Learned a level 3 spell: Mephitic Cloud
  1919 | D:2      | Reached skill level 1 in Conjurations
  2076 | D:2      | Reached XP level 4. HP: 33/33 MP: 4/8
  3219 | D:2      | Reached XP level 5. HP: 33/38 MP: 6/11
  3856 | D:3      | Reached skill level 5 in Poison Magic
  4458 | D:3      | Noticed Sigmund
  4936 | D:3      | Killed Sigmund
  4936 | D:3      | Reached XP level 6. HP: 30/45 MP: 2/13
  5181 | D:4      | Learned a level 4 spell: Olgreb's Toxic Radiance
  5237 | D:4      | Noticed Edmund
  5302 | D:3      | Killed Edmund
  5692 | D:4      | Your scales start taking on a dull iron-grey colour.
  5692 | D:4      | Gained mutation: You can survive without breathing. [draconian maturity]
  5692 | D:4      | Reached XP level 7. HP: 50/50 MP: 12/17
  6815 | D:4      | Upgraded the game from 0.16.2-2-g470672f to 0.16.2-12-gd0ad4c3
  6880 | D:4      | Learned a level 3 spell: Dazzling Spray
  6897 | D:5      | Entered Level 5 of the Dungeon
  6937 | D:5      | Reached skill level 1 in Air Magic
  7165 | D:5      | Reached skill level 6 in Poison Magic
  7211 | D:5      | Reached skill level 5 in Spellcasting
  7465 | D:5      | Noticed Grinder
  7483 | D:5      | Killed Grinder
  7483 | D:5      | Reached skill level 1 in Hexes
  7483 | D:5      | Reached XP level 8. HP: 43/58 MP: 3/20
  7642 | D:5      | Noticed Jouve's ghost (average DECj)
  7659 | D:5      | Killed Jouve's ghost
  7875 | D:5      | Noticed Ijyb
  7881 | D:5      | Killed Ijyb
  7983 | D:5      | Reached skill level 1 in Axes
  9221 | D:5      | Reached skill level 1 in Fighting
  9420 | D:6      | Found a staircase to the Ecumenical Temple.
  9553 | D:6      | Reached XP level 9. HP: 64/64 MP: 1/22
  9622 | Temple   | Entered the Ecumenical Temple
  9779 | Temple   | Became a worshipper of Vehumet
  9820 | D:6      | Learned a level 3 spell: Confuse
 10004 | D:6      | Found an iron altar of Okawaru.
 10005 | D:6      | Found a bloodstained altar of Trog.
 10785 | D:6      | Found a basalt altar of Yredelemnul.
 10796 | D:6      | Found a stormy altar of Qazlal.
 10801 | D:6      | Found a shadowy altar of Dithmenos.
 10801 | D:6      | Found a sparkling altar of Nemelex Xobeh.
 10812 | D:6      | Found a shimmering altar of Xom.
 10813 | D:6      | Found a shattered altar of Ashenzari.
 11192 | D:7      | Found a white marble altar of Elyvilon.
 11487 | D:7      | Acquired Vehumet's first power
 11487 | D:7      | Offered knowledge of Sandblast by Vehumet.
 11491 | D:7      | Reached skill level 5 in Conjurations
 11498 | D:7      | Learned a level 5 spell: Venom Bolt
 11577 | D:7      | Noticed Zrachosh's ghost (experienced TeAE)
 11588 | D:7      | Killed Zrachosh's ghost
 11588 | D:7      | Reached skill level 5 in Dodging
 11588 | D:7      | Reached skill level 7 in Spellcasting
 12000 | D:7      | Found a stormy altar of Qazlal.
 12330 | D:7      | Found a glowing silver altar of Zin.
 13111 | D:8      | Found an ancient bone altar of Kikubaaqudgha.
 13631 | D:8      | Found an opulent altar of Gozag.
 13651 | D:8      | Reached XP level 10. HP: 73/73 MP: 1/25
 14341 | D:9      | Offered knowledge of Throw Frost by Vehumet.
 14549 | D:9      | Noticed Maurice
 15632 | D:10     | Entered Level 10 of the Dungeon
 15885 | D:10     | Found a roughly hewn altar of Beogh.
 15887 | D:10     | Noticed an orc knight
 15890 | D:10     | Reached skill level 8 in Spellcasting
 15894 | D:10     | Offered knowledge of Stone Arrow by Vehumet.
 15903 | D:10     | Acquired Vehumet's second power
 15906 | D:10     | Found a staircase to the Orcish Mines.
 16118 | D:9      | Killed Maurice
 16389 | D:10     | Killed an orc knight
 16902 | D:10     | Found a large runed door.
 16902 | D:10     | Found a large runed door.
 17340 | D:10     | Offered knowledge of Airstrike by Vehumet.
 18130 | D:10     | Reached skill level 5 in Hexes
 18196 | D:11     | Reached XP level 11. HP: 77/80 MP: 19/28
 18391 | D:11     | Learned a level 4 spell: Airstrike
 18449 | D:11     | Found a shattered altar of Ashenzari.
 18555 | D:11     | Reached skill level 9 in Spellcasting
 18733 | D:11     | Noticed a cyclops
 18743 | D:11     | Noticed a skeletal warrior
 18743 | D:11     | Noticed a skeletal warrior
 18746 | D:11     | Noticed a skeletal warrior
 18766 | D:11     | Slain by a skeletal warrior

Action                   |  1- 3 |  4- 6 |  7- 9 | 10-12 || total
-------------------------+-------+-------+-------+-------++-------
Melee: Short sword       |    17 |    55 |    14 |       ||    86
       War axe           |       |       |   168 |   101 ||   269
Throw: Stone             |       |     1 |    18 |    12 ||    31
 Cast: Sting             |    69 |   173 |   222 |   165 ||   629
       Mephitic Cloud    |     1 |     9 |    16 |    17 ||    43
       Cure Poison       |       |     3 |     4 |     2 ||     9
       Olgreb's Toxic Ra |       |     1 |     4 |     1 ||     6
       Dazzling Spray    |       |       |   106 |   122 ||   228
       Confuse           |       |       |    27 |    17 ||    44
       Venom Bolt        |       |       |     1 |     6 ||     7
Evoke: Wand              |       |       |       |     1 ||     1
  Use: Potion            |     5 |     3 |     6 |     2 ||    16
       Scroll            |     2 |     8 |     5 |     5 ||    20
 Stab: Invisible         |       |       |     4 |     2 ||     6
       Confused          |       |       |     1 |     2 ||     3
  Eat: Chunk             |     3 |    15 |    23 |    12 ||    53
       Meat ration       |       |       |     2 |     1 ||     3
       Beef jerky        |       |       |       |     1 ||     1
